Get step-by-step instructions on how to execute this build order below. Start the game timer, and the build order will tick by so you can play in parallel with StarCraft on a second screen or mobile device.

Game Time

  0:00

Last Step

  N/A

Next Step

Upcoming Step



Don't want to look back and forth between 2 screens? Try out our Overwolf App, the Spawning Tool Build Advisor to get an in-game overlay with this build!

Complete Build Order

  12  0:00  SCV  
  13  0:12  SCV  
  14  0:17  Supply Depot  
  14  0:24  SCV  
  15  0:38  SCV  
  15  0:40  Barracks  
  16  0:44  Refinery  
  16  0:50  SCV  
  17  0:58  Barracks  
  17  1:03  SCV  
  18  1:15  SCV  
  19  1:27  Reaper  
  20  1:41  Command Center  
  20  1:45  Reaper  
  21  1:55  Supply Depot  
  21  2:03  Reaper  
  21  2:05  Orbital Command  
  22  2:12  Refinery  
  22  2:21  Reaper  
  23  2:31  SCV  
  23  2:36  Marine  
  25  2:43  SCV  
  26  2:47  Factory  
  26  2:55  SCV  
  26  2:57  Barracks Reactor  
  27  3:00  Orbital Command  
  26  3:07  SCV  
  27  3:13  Barracks Tech Lab  
  28  3:20  SCV  
  28  3:26  SCV  
  29  3:32  SCV  
  29  3:33  Marine, Starport  
  29  3:37  Marine x2, Supply Depot  
  29  3:39  SCV  
  32  3:44  Stimpack  
  32  3:45  SCV  
  33  3:51  Bunker, SCV  
  33  3:53  Marine  
  33  3:55  Marine x2  
  35  3:56  Factory Reactor  
  35  3:57  SCV  
  38  4:03  SCV  
  38  4:09  SCV  
  40  4:11  Marauder  
  40  4:13  Supply Depot, Marine x2  
  40  4:16  SCV  
  45  4:22  SCV  
  46  4:26  Barracks  
  46  4:28  SCV  
  46  4:31  Marine x2  
  48  4:34  SCV  
  48  4:36  Supply Depot, Medivac  
  48  4:38  Medivac  
  54  4:41  Marauder  
  54  4:43  SCV  
  57  4:46  SCV  
  57  4:48  Refinery  
  57  4:51  Engineering Bay  
  58  4:54  Marine  
  58  4:55  Marine, SCV  
  61  5:00  Factory Reactor  
  61  5:01  SCV  
  61  5:02  Marauder  
  64  5:07  SCV  
  64  5:12  Supply Depot  
  64  5:13  Marine x2  
  64  5:14  SCV  
  68  5:19  SCV  
  68  5:21  Barracks Tech Lab  
  68  5:23  Marine  
  68  5:24  Medivac  
  68  5:26  SCV  
  70  5:32  Supply Depot  
  70  5:34  SCV  
  71  5:35  Terran Infantry Weapons Level 1  
  71  5:36  Refinery  
  71  5:37  Marine x2  
  71  5:38  SCV  
  71  5:39  Marauder  
  71  5:42  Supply Depot  
  76  5:44  Marauder  
  78  5:53  Supply Depot  
  78  5:54  Widow Mine x2, SCV  
  78  5:56  Concussive Shells  
  83  5:57  SCV  
  83  5:58  Marine  
  83  5:59  Marine  
  86  6:05  Medivac  
  86  6:06  SCV  
  86  6:08  Medivac  
  91  6:16  Marauder x2  
  95  6:19  Supply Depot  
  95  6:20  Marine, Widow Mine x2  
  95  6:22  Marine  
  101  6:37  Marauder, Marine  
  101  6:38  Marine  
  101  6:39  SCV  
  96  6:42  Command Center, SCV  
  96  6:45  Marine  
  95  6:47  Widow Mine  
  95  6:51  SCV  
  95  6:53  Medivac, Widow Mine  
  95  6:54  Medivac  
  95  6:56  Marine  
  95  6:58  Combat Shield, Marauder  
  100  7:02  Supply Depot  
  100  7:05  Marine  
  100  7:07  Marauder  
  102  7:10  Widow Mine  
  102  7:14  Widow Mine  
  106  7:16  Armory, Marine  
  106  7:20  SCV x2  
  109  7:24  Marine, Marauder  
  109  7:28  Supply Depot, Marauder  
  114  7:30  Terran Infantry Armor Level 1  
  114  7:33  SCV  
  114  7:34  Widow Mine, Marine  
  118  7:43  SCV  
  118  7:49  Barracks  
  118  7:50  Viking, Widow Mine  
  118  7:51  SCV, Marine  
  123  7:52  Barracks  
  123  7:56  Widow Mine  
  126  7:58  SCV, Marine  
  126  7:59  Marauder  
  126  8:02  Marine  
  131  8:08  Supply Depot, SCV  
  131  8:11  Widow Mine, Marine, Medivac  
  123  8:14  SCV  
  123  8:19  Marine  
  125  8:20  Marauder  
  125  8:26  Medivac, Marauder, Widow Mine  
  114  8:27  SCV  
  114  8:29  SCV  
  114  8:33  Orbital Command  
  110  8:35  Marine  
  110  8:38  Barracks Tech Lab  
  110  8:39  Barracks Reactor  
  110  8:40  Marine, Widow Mine  
  114  8:43  SCV  
  114  8:44  Marine  
  114  8:47  Marauder  
  114  8:48  SCV  
  119  8:52  Medivac  
  119  8:54  Marine, Widow Mine  
  124  8:56  SCV  
  124  8:58  Marauder  
  124  9:00  Marine  
  124  9:01  SCV, Widow Mine  
  124  9:02  Marauder, SCV  
  134  9:06  Bunker  
  134  9:10  Medivac, Ghost Academy  
  134  9:15  SCV, Supply Depot  
  134  9:16  Marine x3, Refinery  
  140  9:19  Marauder  
  140  9:21  Widow Mine  
  140  9:22  Widow Mine, Medivac  
  148  9:25  Marine  
  148  9:27  Marauder  
  148  9:28  Marauder  
  144  9:33  Marine  
  144  9:34  SCV  
  144  9:35  Marine, SCV  
  144  9:36  Marine  
  144  9:37  SCV  
  138  9:40  Marauder, Medivac  
  138  9:43  Marine  
  138  9:45  Widow Mine  
  132  9:46  SCV  
  132  9:47  Widow Mine  
  132  9:48  Marine, Marauder  
  132  9:51  Marine  
  126  9:53  Marine, Refinery  
  126  9:54  Command Center  
  126  9:58  Medivac  
  124  10:00  Engineering Bay  
  124  10:02  Marine x2  
  124  10:04  Marauder  
  124  10:06  Widow Mine  
  130  10:11  Missile Turret  
  130  10:12  Marine x2  
  132  10:16  Ghost, Widow Mine  
  136  10:22  Marine  
  136  10:23  Ghost, Marine  
  136  10:26  Marine, Medivac  
  143  10:35  Supply Depot  
  143  10:36  Marine x2  
  143  10:40  Marine  
  143  10:42  Bunker, SCV  
  147  10:43  SCV  
  147  10:44  SCV, Marine  
  147  10:45  Marauder  
  147  10:46  Marauder  
  154  10:52  Marauder  
  156  10:57  Widow Mine  
  156  10:59  SCV  
  156  11:00  SCV  
  156  11:02  SCV  
  158  11:06  Supply Depot, Marine  
  157  11:11  Ghost x2, SCV  
  157  11:12  SCV  
  157  11:14  SCV  
  157  11:17  Marine x4  
  168  11:23  SCV, Widow Mine x2  
  173  11:27  Supply Depot  
  173  11:28  Medivac  
  173  11:29  Medivac  
  173  11:30  Marine  
  178  11:34  Supply Depot  
  178  11:35  Ghost  
  178  11:38  Marine x2  
  178  11:39  Marine  
  183  11:40  Marine  
  183  11:42  Ghost  
  183  11:45  Widow Mine  
  187  11:49  Widow Mine  
  187  11:51  Marine, Supply Depot  
  190  11:57  Marine  
  190  11:58  Marauder  
  190  12:00  Marine  
  194  12:06  Marine